 Dungeon Crawl Stone Soup version 0.17.1-1-g73c8601 (webtiles) character file.

2832 Implojin the Severer (level 9, 0/70 HPs)
             Began as a Minotaur Berserker on Apr 9, 2016.
             Was a Priest of Trog.
             Slain by a giant frog (2 damage)
             ... on level 9 of the Dungeon.
             The game lasted 00:10:43 (1092 turns).

Implojin the Severer (Minotaur Berserker)           Turns: 1092, Time: 00:10:43

Health: 0/70       AC: 12    Str: 25    XL:     9   Next: 45%
Magic:  8/8        EV:  7    Int:  4    God:    Trog [***...]
Gold:   31         SH:  0    Dex: 10    Spells: 0 memorised, 8 levels left

rFire  . . .     SeeInvis +     s - +0 war axe
rCold  . . .     Clarity  .     i - +0 plate armour
rNeg   . . .     SustAt   .     (no shield)
rPois  .         Gourm    .     (helmet restricted)
rElec  .         Spirit   .     y - +0 cloak
rCorr  .         Warding  .     (no gloves)
rMut   .         Stasis   .     (no boots)
MR     .....                    (no amulet)
Stlth  ..........               (no ring)
                                m - ring of see invisible

@: exhausted, slowed, very slow, not resistant to hostile enchantments,
extremely unstealthy
A: retaliatory headbutt, horns 2
a: Berserk, Trog's Hand, Burn Spellbooks, Renounce Religion


You were on level 9 of the Dungeon.
You worshipped Trog.
Trog was most pleased with you.
You were hungry.

You visited 1 branch of the dungeon, and saw 9 of its levels.

You collected 31 gold pieces.

Inventory:

Hand Weapons
 a - a +0 hand axe
 q - a +1 hand axe of chopping
 s - a +0 war axe (weapon)
 C - a +1 falchion of distortion
Armour
 i - a +0 plate armour (worn)
 y - a +0 cloak (worn)
Magical Staves
 j - an uncursed staff of fire {unknown}
Jewellery
 m - a ring of see invisible (left hand)
Wands
 b - a wand of confusion (24)
 z - a wand of magic darts (17)
Scrolls
 d - a scroll of immolation {unknown}
 g - a scroll of fog {unknown}
 k - a scroll of enchant weapon {unknown}
 l - a scroll of noise {unknown}
 n - a scroll of recharging {unknown}
 p - 2 scrolls of teleportation {unknown}
 x - a scroll of remove curse {unknown}
 A - a scroll of magic mapping {unknown}
Potions
 e - a potion of ambrosia
 f - a potion of resistance
 h - a potion of poison
Comestibles
 c - 3 bread rations
 o - 2 beef jerkies
 t - 5 chunks of flesh
 w - 2 meat rations


   Skills:
 - Level 3.6 Fighting
 * Level 15.1 Axes
 - Level 2.4 Armour
 - Level 2.1 Dodging


You had 8 spell levels left.
You didn't know any spells.

Dungeon Overview and Level Annotations

Branches:
Dungeon (9/15)
 Temple: D:4-7         Lair: D:8-11         Orc: D:9-12

Altars:
Ru

Shops:
D:4 ![%


Innate Abilities, Weirdness & Mutations

You reflexively headbutt those who attack you in melee.
You have a pair of horns on your head.


Message History

You feel yourself moving faster!
You feel mighty!
You feel quite a bit more hungry. The iguana bites you.
* * * LOW HITPOINT WARNING * * *
You slash the iguana!
The iguana is severely wounded.
An orc priest comes into view. It is wielding a club.
Unknown command.
You slash the centaur!
The centaur is severely wounded.
You slash the iguana!
You kill the iguana!
Trog accepts your kill.
Your Axes skill increases to level 15!
The centaur unwields an uncursed shortbow.
The centaur barely misses you.
The orc priest invokes the aid of Beogh against you.
Something smites you!
* * * LOW HITPOINT WARNING * * *
You slice the centaur!!
You kill the centaur!
Trog accepts your kill.
Unknown command.
You are too berserk!
The orc priest drinks a potion.
The orc priest seems to speed up.
Things that are here:
an uncursed shortbow; 23 arrows You feel a strong urge to attack something.
A giant frog comes into view.
The giant frog croaks.
You feel your anger subside.
You are no longer berserk.
You are exhausted.
You feel yourself slow down.
You are feeling hungry.
The orc priest casts a cantrip, but nothing happens.
Unknown command.
You closely miss the orc priest. Your headbutt misses the orc priest.
The orc priest hits you but does no damage.
The giant frog hits you.
You die...

......# ......# ......#
.....)## . #......# #.#
#..$...## ##### ...#
#.......######...##$..#
.....(........(......#
...###.......)..@o)..#
.### ####...####.F.>.#
# ##### ##.....#
#.P.... _##.## .. # .#
##


You could see a giant frog and an orc priest.

Vanquished Creatures
  The ghost of speculusfracta the Infuser, a journeyman DECj of Sif Muna (D:9)
  Pikel (D:6)
  The ghost of Implojin the Ruffian, an amateur TrFi (D:7)
  A hungry ghost (D:7)
  An orc warrior (D:9)
  An ice beast (D:6)
  A slave (D:6)
  A black bear (D:8)
  2 ogres
  A centaur (D:9)
  Blork the orc (D:6)
  A giant frog (D:5)
  A scorpion (D:8)
  5 wights (D:6)
  2 crimson imps (D:9)
  A wasp zombie (D:8)
  2 orc priests
  A hound (D:7)
  3 orc wizards (D:9)
  2 iguanas
  4 worker ants
  A worker ant zombie (D:6)
  An adder (D:9)
  An ooze (D:1)
  An adder skeleton (D:6)
  3 giant geckos (D:4)
  10 orcs
  A giant cockroach (D:6)
  4 goblins
  5 hobgoblins
  3 quokkas
  5 bats (D:1)
  2 giant gecko zombies (D:6)
  3 jackals (D:9)
  A quokka skeleton (D:4)
  3 rats
78 creatures vanquished.

Vanquished Creatures (others)
  A hobgoblin (D:6)
  A kobold (D:6)
2 creatures vanquished.

Grand Total: 80 creatures vanquished

Notes
Turn   | Place    | Note
--------------------------------------------------------------
     0 | D:1      | Implojin the Minotaur Berserker began the quest for the Orb.
     0 | D:1      | Reached XP level 1. HP: 19/19 MP: 0/0
    13 | D:1      | Reached skill level 4 in Axes
    31 | D:1      | Reached XP level 2. HP: 21/26 MP: 1/1
   247 | D:3      | Found a faded altar to an unknown god.
   253 | D:4      | Noticed an ogre
   258 | D:4      | Killed an ogre
   258 | D:4      | Reached skill level 6 in Axes
   258 | D:4      | Reached XP level 3. HP: 31/31 MP: 2/2
   258 | D:4      | Reached XP level 4. HP: 39/39 MP: 3/3
   259 | D:4      | Found Cigeycs's Distillery.
   267 | D:4      | Found Uwupy's Antique Armour Shoppe.
   284 | D:5      | Entered Level 5 of the Dungeon
   284 | D:5      | Noticed a giant frog
   327 | D:4      | Found Keyqa's Food Shoppe.
   332 | D:4      | Reached skill level 7 in Axes
   332 | D:4      | Reached XP level 5. HP: 18/45 MP: 4/4
   379 | D:5      | Killed a giant frog
   379 | D:5      | Reached ** piety under Trog
   392 | D:6      | Noticed an ice beast
   405 | D:6      | Killed an ice beast
   405 | D:6      | Reached skill level 8 in Axes
   405 | D:6      | Reached XP level 6. HP: 37/51 MP: 5/5
   484 | D:6      | Reached skill level 9 in Axes
   515 | D:6      | Reached XP level 7. HP: 39/57 MP: 6/6
   521 | D:6      | Noticed a slave
   522 | D:6      | Noticed Blork the orc
   523 | D:6      | Noticed a slave
   524 | D:6      | Noticed Pikel
   525 | D:6      | Noticed a slave
   525 | D:6      | Noticed a slave
   539 | D:6      | Killed a slave
   548 | D:6      | Killed Pikel
   548 | D:6      | Reached skill level 11 in Axes
   548 | D:6      | Reached XP level 8. HP: 38/64 MP: 7/7
   555 | D:6      | Killed Blork the orc
   740 | D:7      | Noticed Implojin's ghost (amateur TrFi)
   764 | D:7      | Killed Implojin's ghost
   764 | D:7      | Reached skill level 12 in Axes
   825 | D:8      | Reached skill level 13 in Axes
   860 | D:9      | Noticed speculusfracta's ghost (journeyman DECj)
   892 | D:8      | Noticed a centaur warrior
   955 | D:9      | Reached *** piety under Trog
   958 | D:9      | Killed speculusfracta's ghost
   958 | D:9      | Reached skill level 14 in Axes
   958 | D:9      | Reached XP level 9. HP: 36/70 MP: 8/8
  1079 | D:9      | Found a sacrificial altar of Ru.
  1086 | D:9      | Reached skill level 15 in Axes
  1086 | D:9      | HP: 1/105 [orc priest/divine providence (13)]
  1092 | D:9      | Slain by a giant frog

Action                   |  1- 3 |  4- 6 |  7- 9 || total
-------------------------+-------+-------+-------++-------
Melee: Hand axe          |    13 |    43 |       ||    56
       War axe           |       |    12 |   113 ||   125
Invok: Berserk           |     1 |     2 |     5 ||     8
  Use: Scroll            |       |       |     4 ||     4
       Potion            |       |       |     4 ||     4
  Eat: Chunk             |       |     1 |     9 ||    10

Table legend:
 A = Turns spent in this place as a percentage of turns spent in the entire game.
 B = Non-inter-level travel turns spent in this place as a percentage of non-inter-level travel turns spent in the entire game.
 C = Inter-level travel turns spent in this place as a percentage of turns spent in this place.
 D = Turns resting spent in this place as a percentage of non-inter-level travel turns spent in this place.
 E = Turns spent auto-exploring this place as a percentage of non-inter-level travel turns spent in this place.
 F = Non-inter-level travel turns spent in this place divided by the number of levels of this place that you've seen.
                   A       B       C       D       E      F
               +-------+-------+-------+-------+-------+----------------------
         Total | 100.0 | 100.0 |   0.0 |   0.6 |   0.0 | 119.9
       Dungeon | 100.0 | 100.0 |   0.0 |   0.6 |   0.0 | 119.9
               +-------+-------+-------+-------+-------+----------------------

Table legend:
 A = Kills in this place as a percentage of kills in entire the game.
 B = Kills by you in this place as a percentage of kills by you in the entire game.
 C = Kills by friends in this place as a percentage of kills by friends in the entire game.
 D = Other kills in this place as a percentage of other kills in the entire game.
 E = Experience gained in this place as a percentage of experience gained in the entire game.
 F = Experience gained in this place divided by the number of levels of this place that you have seen.
                   A       B       C       D       E      F
               +-------+-------+-------+-------+-------+----------------------
         Total | 100.0 | 100.0 |  -nan |  -nan | 100.0 | 449.7
       Dungeon | 100.0 | 100.0 |  -nan |  -nan | 100.0 | 449.7
               +-------+-------+-------+-------+-------+----------------------
